 Dungeon Crawl Stone Soup version 0.19.1 (webtiles) character file.

74 NoWolfie the Insei (level 4, -4/34 HPs)
             Began as a Human Wanderer on Nov 29, 2016.
             Slain by a gnoll
             ... wielding a +0 halberd
              (5 damage)
             ... on level 3 of the Dungeon.
             The game lasted 00:12:25 (2807 turns).

NoWolfie the Insei (Human Wanderer)                 Turns: 2807, Time: 00:12:27

Health: -4/34      AC:  2    Str: 11    XL:     4   Next: 54%
Magic:  4/4        EV: 12    Int: 14    God:
Gold:   61         SH:  0    Dex: 13    Spells: 0 memorised, 3 levels left

rFire  . . .     SeeInvis .       - Unarmed
rCold  . . .     Gourm    .     d - +0 robe
rNeg   . . .     Faith    .     (no shield)
rPois  .         Spirit   .     (no helmet)
rElec  .         Reflect  .     (no cloak)
rCorr  .         Harm     .     (no gloves)
MR     .....                    (no boots)
Stlth  ++........               (no amulet)
                                (no ring)
                                (no ring)

@: lethally poisoned (-4 -> -16)
A: no striking features
a: no special abilities


You were on level 3 of the Dungeon.
You were hungry.

You visited 1 branch of the dungeon, and saw 3 of its levels.

You collected 61 gold pieces.

Inventory:

Hand Weapons
 e - a +0 dagger
Missiles
 h - 54 arrows (quivered)
Armour
 d - a +0 robe (worn)
 u - a +0 chain mail of fire resistance
Wands
 q - a wand of polymorph (13/24)
Scrolls
 a - 2 scrolls of blinking
 b - 3 scrolls of fear
 i - 9 scrolls of identify
 j - a scroll of fog
 k - a scroll of immolation {unknown}
 l - a scroll of enchant weapon {unknown}
 m - 2 scrolls of teleportation {unknown}
 p - 2 scrolls of remove curse {unknown}
 t - a scroll of noise {unknown}
 v - a scroll of recharging {unknown}
Potions
 c - a potion of curing
 g - 3 potions of mutation {unknown}
 n - a potion of heal wounds {unknown}
 o - a potion of might {unknown}
 r - a potion of cancellation {unknown}
Comestibles
 s - a meat ration


   Skills:
 + Level 2.6 Fighting
   Level 1.0 Axes
 - Level 1.0 Armour
 * Level 2.1 Dodging
 + Level 1.8 Stealth
   Level 1.0 Shields
 + Level 4.4 Unarmed Combat


You had 3 spell levels left.
You didn't know any spells.

Dungeon Overview and Level Annotations

Branches:
Dungeon (3/15)

Altars:


Message History

The adder closely misses you.
You hit the adder.
The adder is almost dead.
You feel sick. The jackal barely misses you. The jackal closely misses you. x2
The goblin shoots a stone.
The stone hits you.
The gnoll hits you from afar with a halberd!
* * * LOW HITPOINT WARNING * * *
The jackal bites you.
* * * LOW HITPOINT WARNING * * *
The adder bites you but does no damage. The jackal closely misses you.
The jackal bites you.
* * * LOW HITPOINT WARNING * * *
The goblin shoots a stone.
The stone hits you but does no damage. The jackal closely misses you.
The jackal barely misses you. The jackal misses you. The adder bites you.
* * * LOW HITPOINT WARNING * * *
You are more poisoned.
The adder poisons you!
The gnoll hits you from afar with a halberd.
You die...

##########
#........#
#g!..@S.(#
#)..hhhg...#
#...ggl..#.#
#.....?....
#...g.....##
#.....?...#
#.....(...#
#......#..#


You could see 4 gnolls, an adder, 3 jackals, a goblin and a frilled lizard.

Vanquished Creatures
  3 adders (D:2)
  A worm (D:2)
  A dart slug (D:2)
  2 leopard geckos (D:2)
  A giant cockroach (D:1)
  6 goblins
  4 hobgoblins
  4 jackals (D:2)
  3 quokkas (D:2)
  A ball python (D:1)
  3 bats
  3 frilled lizards
  2 kobolds (D:2)
  6 rats
40 creatures vanquished.

Notes
Turn   | Place    | Note
-------+----------+-------------------------------------------
     0 | D:1      | NoWolfie the Human Wanderer began the quest for the Orb.
     0 | D:1      | NoWolfie set off with: a scroll of blinking, a scroll of fear, 2 potions of curing, a +0 robe, a +0 dagger, a bread ration
     0 | D:1      | Reached XP level 1. HP: 16/16 MP: 1/1
   353 | D:1      | Reached XP level 2. HP: 22/22 MP: 2/2
   362 | D:1      | Reached skill level 1 in Dodging
  1305 | D:2      | Reached XP level 3. HP: 9/27 MP: 3/3
  1835 | D:2      | Reached XP level 4. HP: 9/34 MP: 4/4
  1848 | D:2      | HP: 1/34 [leopard gecko (5)]
  2807 | D:3      | HP: 1/34 [adder (3)]
  2807 | D:3      | Slain by a gnoll

Skill      XL: |  1  2  3  4 |
---------------+-------------+-----
Dodging        | 1 2 |  2.1
Fighting       | |  2.6
Axes           | |  1.0
Armour         | |  1.0
Stealth        | |  1.8
Shields        | |  1.0
Unarmed Combat | |  4.4

Action                   |  1- 3 |  4- 6 || total
-------------------------+-------+-------++-------
Melee: Dagger            |     8 |       ||     8
       Unarmed           |   147 |    57 ||   204
       Punch             |     1 |       ||     1
  Use: Potion            |     1 |     1 ||     2
       Scroll            |     1 |       ||     1
 Stab: Sleeping          |     1 |       ||     1
  Eat: Bread ration      |     1 |       ||     1
       Chunk             |     1 |       ||     1
Armor: Robe              |    19 |    17 ||    36
       Skin              |     2 |       ||     2
Dodge: Dodged            |    80 |    52 ||   132
